 Dungeon Crawl Stone Soup version 0.31-a0-836-g3ceb0a68c4 (webtiles) character file.

Game seed: 15708283866841760167

2636 randomguy2701 the Cleaver (level 9, -5/71 HPs)
             Began as a Gnoll Wanderer on Sept 27, 2023.
             Was an Initiate of Gozag.
             Slain by Duvessa
             ... wielding a +0 rapier
              (10 damage)
             ... on level 7 of the Dungeon.
             The game lasted 00:09:42 (6619 turns).

randomguy2701 the Cleaver (Gnoll Wanderer)          Turns: 6619, Time: 00:09:43

Health: -5/71      AC: 16    Str: 14    XL:     9   Next: 61%
Magic:  15/15      EV: 11    Int:  9    God:    Gozag
Gold:   330        SH:  0    Dex: 22    Spells: 17/17 levels left

rFire   . . .        G - +4 dagger (vamp)
rCold   . . .        (no shield)
rNeg    + . .        B - +0 pearl dragon scales
rPois   .            c - +0 helmet
rElec   .            (no cloak)
rCorr   .            r - +0 pair of gloves
SInv    .            C - +0 pair of boots
Will    .....        (no amulet)
Stlth   ++           t - +6 ring of dexterity
HPRegen 0.31/turn    (no ring)
MPRegen 0.14/turn

%: no passive effects
@: no status effects
A: fangs 1, strong nose, distributed training
a: Renounce Religion, Potion Petition, Call Merchant, Bribe Branch


You were on level 7 of the Dungeon.
You worshipped Gozag.
Gozag was aware of your devotion.
You visited 2 branches of the dungeon, and saw 8 of its levels.

You collected 471 gold pieces.
You paid 141 gold pieces to Gozag.

Inventory:

Hand Weapons
 a - a +2 hand axe
 b - a +0 short sword
 G - a +4 vampiric dagger (weapon)
Armour
 c - a +0 helmet (worn)
 e - a +0 leather armour
 r - a +0 pair of gloves (worn)
 B - +0 pearl dragon scales (worn)
 C - a +0 pair of boots (worn)
Jewellery
 t - a +6 ring of dexterity (left hand)
 D - an amulet of faith
 I - a ring of positive energy
Wands
 o - a wand of flame (13)
 A - a wand of iceblast (22)
 J - a wand of paralysis (12)
Scrolls
 f - a scroll of immolation
 j - 2 scrolls of enchant armour {unknown}
 l - 6 scrolls of teleportation
 n - 3 scrolls of identify
 p - 2 scrolls of fog {unknown}
 q - 2 scrolls of noise {unknown}
 u - a scroll of fear {unknown}
 v - a scroll of enchant weapon {unknown}
 y - a scroll of acquirement {unknown}
 F - a scroll of poison {unknown}
 H - a scroll of butterflies {unknown}
Potions
 d - a potion of berserk rage
 g - a potion of enlightenment
 h - a potion of curing
 i - a potion of attraction
 k - 2 potions of degeneration {unknown}
 m - 2 potions of cancellation {unknown}
 s - 2 potions of mutation {unknown}
 w - a potion of resistance {unknown}
 x - a potion of haste {unknown}
 z - a potion of invisibility {unknown}
 E - a potion of brilliance {unknown}
 K - a potion of magic {unknown}


   Skills:
 + Level 6.5 Fighting
 + Level 6.5 Short Blades
 + Level 4.5 Long Blades
 + Level 8.0 Axes
 + Level 4.5 Maces & Flails
 + Level 4.5 Polearms
 + Level 4.5 Staves
 + Level 4.5 Ranged Weapons
 + Level 4.5 Throwing
 + Level 5.2 Armour
 + Level 4.5 Dodging
 + Level 6.2 Stealth
 + Level 4.5 Shields
 + Level 4.5 Unarmed Combat
 + Level 4.5 Spellcasting
 + Level 3.7 Conjurations
 + Level 3.7 Hexes
 + Level 3.7 Summonings
 + Level 3.7 Necromancy
 + Level 3.7 Translocations
 + Level 3.7 Transmutations
 + Level 3.7 Fire Magic
 + Level 3.7 Ice Magic
 + Level 3.7 Air Magic
 + Level 3.7 Earth Magic
 + Level 3.7 Poison Magic
 + Level 5.0 Invocations
 + Level 4.5 Evocations
 + Level 4.1 Shapeshifting


You had 17 spell levels left.
You didn't know any spells.
Your spell library contained the following spells:

 Spells                   Type           Power      Damage    Failure   Level
 Apportation              Tloc           16%        N/A       28%         1
 Cigotuvi's Dreadful Rot  Necr/Pois/Air  16%        N/A       38%         2
 Ignite Poison            Fire/Tmut/Pois 8%         N/A       63%         3
 Freezing Cloud           Conj/Ice/Air   4%         6-21      100%        5


Dungeon Overview and Level Annotations

Branches:
Dungeon (7/15)             Temple (1/1) D:6

Altars:
Ashenzari
Cheibriados
Dithmenos
Elyvilon
Fedhas
Gozag
Hepliaklqana
Kikubaaqudgha
Okawaru
Qazlal
Ru
Sif Muna
Trog
Uskayaw
Yredelemnul
The Shining One

Shops:
D:1 ?((

Annotations:
D:3 3 runed translucent doors, Crazy Yiuf; beavisfan's ghost, weakling DsSh
D:7 Duvessa


Innate Abilities, Weirdness & Mutations

You have very sharp teeth.
Your uncanny sense of smell can sniff out nearby items.
Your experience applies equally to all skills.


Message History

You hit Dowan. Your bite misses Dowan.
Dowan is severely wounded.
You feel very sick.
You hit Dowan.
You kill Dowan!
Duvessa weeps, and shakes her weapon.
Duvessa goes berserk!
You feel very sick.
Your Invocations skill increases to level 5!
Unknown command.
You feel better. Duvessa hits you but does no damage.
Duvessa barely misses you.
You hit Duvessa but do no damage. Duvessa hits you but does no damage.
You hit Duvessa but do no damage.
Duvessa is distracted by your dazzling golden aura.
You catch the helpless Duvessa completely off-guard!
You impale Duvessa!!
Duvessa is no longer distracted by gold.
Duvessa is moderately wounded.
Duvessa hits you with a +0 rapier.
You hit Duvessa but do no damage.
Duvessa is moderately wounded.
Duvessa hits you with a +0 rapier!
* * * LOW HITPOINT WARNING * * *
You hit Duvessa. You bite Duvessa, but do no damage.
Duvessa is heavily wounded.
Duvessa hits you with a +0 rapier.
* * * LOW HITPOINT WARNING * * *
You hit Duvessa.
Duvessa is heavily wounded.
Duvessa completely misses you.
You hit Duvessa.
You feel better.
You bite Duvessa, but do no damage.
Duvessa is heavily wounded.
Duvessa hits you with a +0 rapier!
* * * LOW HITPOINT WARNING * * *
You hit Duvessa.
You feel better.
You punch Duvessa.
Duvessa is heavily wounded.
Duvessa hits you with a +0 rapier!
You die...
Your body crumbles into a pile of gold.

#.###.#.# #.# #.......#
#.# ∆ #.###.### #.# #.#
#.# #.######## #.# #.#
###........) ..#
#.###########.........#>
...
...........##.#######.#
#.# #........# ...
#.###@####
....##.###e#####..
......ooo......
###....o.####o# #####..#
#..# #... ##.## .#


You could see Duvessa (berserk) and 4 orcs.

Vanquished Creatures
  Pikel (D:6)
  A steam dragon (D:5)
  A water moccasin (D:7)
  Pargi (D:3)
  An ice beast (D:5)
  2 black bears
  2 orc warriors
  2 ogres
  2 phantoms (D:6)
  Blork the orc (D:6)
  A bullfrog (D:7)
  A gnoll sergeant (D:5)
  3 scorpions
  Dowan (D:7)
  A howler monkey (D:6)
  2 hounds
  2 orc priests
  2 iguanas
  3 orc wizards
  3 sleepcaps
  Robin (D:2)
  3 gnolls
  11 adders
  An ufetubus (D:5)
  7 dart slugs
  35 orcs
  7 ball pythons
  7 endoplasms
  5 giant cockroaches
  16 goblins
  5 hobgoblins
  3 jackals (D:3)
  4 quokkas
  2 bats
  3 frilled lizards
  6 kobolds
  8 rats
157 creatures vanquished.

Notes
Turn   | Place    | Note
-------+----------+-------------------------------------------
     0 | D:1      | randomguy2701 the Gnoll Wanderer began the quest for the
                  | Orb.
     0 | D:1      | randomguy2701 set off with the following items: a +2 hand
                  | axe, a +0 short sword, a +0 helmet, a potion of berserk
                  | rage, a +0 leather armour.
     0 | D:1      | Reached XP level 1. HP: 20/20 MP: 1/1
    77 | D:1      | Reached XP level 2. HP: 26/26 MP: 2/2
    96 | D:1      | Found Daaneh's Magic Scroll Emporium.
   121 | D:1      | Found Yxoavo's Antique Weapon Shop.
   246 | D:1      | Reached XP level 3. HP: 31/31 MP: 3/3
   270 | D:1      | Found Raxt's Weapon Emporium.
   535 | D:1      | Reached skill level 1 in Invocations
   815 | D:2      | Noticed Robin
   828 | D:2      | Reached skill level 1 in Long Blades
   828 | D:2      | Reached skill level 1 in Maces & Flails
   828 | D:2      | Reached skill level 1 in Polearms
   828 | D:2      | Reached skill level 1 in Staves
   828 | D:2      | Reached skill level 1 in Ranged Weapons
   828 | D:2      | Reached skill level 1 in Throwing
   828 | D:2      | Reached skill level 1 in Dodging
   828 | D:2      | Reached skill level 1 in Shields
   828 | D:2      | Reached skill level 1 in Unarmed Combat
   828 | D:2      | Reached skill level 1 in Spellcasting
   828 | D:2      | Reached skill level 1 in Evocations
   849 | D:2      | Killed Robin
   849 | D:2      | HP: 1/31 [goblin/+0 club[Robin] (3)]
   850 | D:2      | Reached skill level 1 in Shapeshifting
   850 | D:2      | Reached XP level 4. HP: 2/38 MP: 5/5
  1074 | D:2      | Reached skill level 1 in Conjurations
  1074 | D:2      | Reached skill level 1 in Hexes
  1074 | D:2      | Reached skill level 1 in Summonings
  1074 | D:2      | Reached skill level 1 in Necromancy
  1074 | D:2      | Reached skill level 1 in Translocations
  1074 | D:2      | Reached skill level 1 in Transmutations
  1074 | D:2      | Reached skill level 1 in Fire Magic
  1074 | D:2      | Reached skill level 1 in Ice Magic
  1074 | D:2      | Reached skill level 1 in Air Magic
  1074 | D:2      | Reached skill level 1 in Earth Magic
  1074 | D:2      | Reached skill level 1 in Poison Magic
  1661 | D:3      | Reached XP level 5. HP: 39/43 MP: 6/6
  1689 | D:3      | Noticed Pargi
  1705 | D:3      | Killed Pargi
  1911 | D:3      | Found a runed translucent door.
  1912 | D:3      | Noticed Crazy Yiuf
  2050 | D:3      | Found a bloodstained altar of Trog.
  2056 | D:3      | Got a sparkling book
  2076 | D:3      | Reached XP level 6. HP: 40/50 MP: 8/8
  2122 | D:3      | Found a large runed translucent door.
  2122 | D:3      | Found a large runed translucent door.
  2132 | D:3      | Noticed beavisfan's ghost (weakling DsSh)
  2371 | D:3      | Reached skill level 5 in Fighting
  2371 | D:3      | Reached skill level 5 in Short Blades
  2818 | D:4      | Found an ancient bone altar of Kikubaaqudgha.
  3310 | D:4      | Reached XP level 7. HP: 50/56 MP: 10/10
  3379 | D:4      | Found a glowing golden altar of the Shining One.
  3625 | D:5      | Entered Level 5 of the Dungeon
  3640 | D:4      | Reached skill level 7 in Axes
  3768 | D:4      | HP: 2/56 [iguana (7)]
  3935 | D:5      | Found an iron altar of Okawaru.
  4010 | D:5      | Reached skill level 5 in Stealth
  4262 | D:5      | Noticed a steam dragon
  4375 | D:5      | Reached XP level 8. HP: 63/63 MP: 12/12
  4419 | D:5      | Found a faded altar of an unknown god.
  4419 | D:5      | Found a hazy altar of Hepliaklqana.
  4422 | D:5      | Found a faded altar of an unknown god.
  5642 | D:6      | Noticed Pikel
  5667 | D:6      | Killed Pikel
  5668 | D:6      | Reached XP level 9. HP: 66/69 MP: 13/15
  5745 | D:6      | Reached skill level 5 in Armour
  6056 | D:6      | Found a basalt altar of Yredelemnul.
  6059 | D:6      | Noticed Blork the orc
  6075 | D:6      | Killed Blork the orc
  6258 | D:6      | Found a staircase to the Ecumenical Temple.
  6301 | Temple   | Entered the Ecumenical Temple
  6332 | Temple   | Became a worshipper of Gozag Ym Sagoz the Greedy
  6458 | D:7      | Found a sacrificial altar of Ru.
  6569 | D:7      | Noticed Dowan
  6570 | D:7      | Noticed Duvessa
  6599 | D:7      | Reached skill level 8 in Axes
  6610 | D:7      | Killed Dowan
  6611 | D:7      | Reached skill level 5 in Invocations
  6618 | D:7      | HP: 3/71 [Duvessa/+0 rapier (12)]
  6619 | D:7      | Slain by Duvessa

Illustrated notes

Levels and vault maps discovered:
D:1:      amcnicky_arrival_flooded_fountain, layout_loops_ring, serial_shops,
          shop, shop, shop
D:2:      layout_loops_ring, uniq_robin
D:3:      layout_rooms, trog_book, ebering_ghost_disaster_area,
          minmay_fractal_squares_diagonal_5, uniq_crazy_yiuf_cottage, uniq_pargi
D:4:      layout_loops_ring, lemuel_tele_altar, tso_metal_star
D:5:      layout_rooms, nicolae_hepliaklqana_ecumenical_no_more,
          mainiacjoe_overflow_paths
D:6:      layout_rooms, mainiacjoe_overflow_catwalk, minmay_temple_entry_grid,
          uniq_pikel, uniq_blork_the_orc
D:7:      layout_loops_ring, mainiacjoe_overflow_two_lobes,
          mainiacjoe_overflow_alcove_1, minmay_misc_feat_x, grunt_livestock,
          uniq_duvessa
Temple:   jpeg_temple_island

Skill      XL: |  1  2  3  4  5  6  7  8  9 |
---------------+----------------------------+-----
Invocations    | 1 2 3 4 5 |  5.0
Long Blades    | 1 2 3 4 |  4.5
Maces & Flails | 1 2 3 4 |  4.5
Polearms       | 1 2 3 4 |  4.5
Staves         | 1 2 3 4 |  4.5
Ranged Weapons | 1 2 3 4 |  4.5
Throwing       | 1 2 3 4 |  4.5
Dodging        | 1 2 3 4 |  4.5
Shields        | 1 2 3 4 |  4.5
Unarmed Combat | 1 2 3 4 |  4.5
Spellcasting   | 1 2 3 4 |  4.5
Evocations     | 1 2 3 4 |  4.5
Shapeshifting  | 1 2 3 4 |  4.1
Conjurations   | 1 2 3 |  3.7
Hexes          | 1 2 3 |  3.7
Summonings     | 1 2 3 |  3.7
Necromancy     | 1 2 3 |  3.7
Translocations | 1 2 3 |  3.7
Transmutations | 1 2 3 |  3.7
Fire Magic     | 1 2 3 |  3.7
Ice Magic      | 1 2 3 |  3.7
Air Magic      | 1 2 3 |  3.7
Earth Magic    | 1 2 3 |  3.7
Poison Magic   | 1 2 3 |  3.7
Armour         | 3 4 5 |  5.2
Fighting       | 5 6 |  6.5
Short Blades   | 5 6 |  6.5
Axes           | 7 8 |  8.0
Stealth        | 5 6 |  6.2

Action                     |  1- 3 |  4- 6 |  7- 9 || total
---------------------------+-------+-------+-------++-------
  Melee: Hand axe          |    95 |   166 |   160 ||   421
         Bite              |    10 |    18 |    72 ||   100
         Punch             |       |     4 |    13 ||    17
         Dagger            |       |       |   319 ||   319
    Use: Scroll            |       |     4 |       ||     4
         Potion            |       |       |     3 ||     3
   Stab: Sleeping          |    11 |     8 |     2 ||    21
         Distracted        |       |       |     1 ||     1
 Armour: Leather armour    |    48 |   105 |       ||   153
         Pearl dragon scal |       |       |   401 ||   401
  Dodge: Dodged            |    28 |    87 |   237 ||   352

Table legend: (Time is in decaauts)
 A = Elapsed time spent in this place.
 B = Non-inter-level travel time spent in this place.
 C = Inter-level travel time spent in this place.
 D = Time resting spent in this place.
 E = Time spent auto-exploring this place.
 F = Levels seen in this place.
 G = Mean time per level.
                   A        B        C        D        E       F      G
               +--------+--------+--------+--------+--------+-----+--------+
         Total |   6509 |   6188 |    321 |     94 |   4870 |   8 |  813.6 |
       Dungeon |   6447 |   6187 |    260 |     94 |   4870 |   7 |  921.0 |
        Temple |     61 |      1 |     60 |      0 |      0 |   1 |   61.0 |
               +--------+--------+--------+--------+--------+-----+--------+

Top non-repeatable levels by time:
     D:5: 1624 daAuts
     D:4: 1332 daAuts
     D:3: 959 daAuts
     D:2: 839 daAuts
     D:1: 775 daAuts
     D:6: 687 daAuts
     D:7: 228 daAuts
  Temple: 61 daAuts
